 Dungeon Crawl Stone Soup version 0.25.1-2-g60ff931df9 (webtiles) character file.

Game seed: 4707622501465069588

4984 lokapoka the Cleaver (level 10, -5/86 HPs)
             Began as a Minotaur Berserker on July 18, 2020.
             Was a High Priest of Trog.
             Splashed by a wight's acid (16 damage)
             ... on level 9 of the Dungeon on Aug 1, 2020.
             The game lasted 01:16:24 (10618 turns).

lokapoka the Cleaver (Minotaur Berserker)          Turns: 10618, Time: 01:16:25

Health: -5/86      AC:  9    Str: 26    XL:     10   Next: 29%
Magic:  9/9        EV: 14    Int:  4    God:    Trog [*****.]
Gold:   659        SH:  0    Dex:  9    Spells: 9/9 levels left

rFire    + + .     SeeInvis .   N - +1 hand axe (vorpal)
rCold    + . .     Gourm    .   (no shield)
rNeg     . . .     Faith    .   y - +0 chain mail {rF+}
rPois    .         Spirit   .   (helmet restricted)
rElec    .         Reflect  .   s - scarf {rC+ rF+}
rCorr    .         Harm     .   M - +0 pair of gloves
MR       .....                  d - +0 pair of boots
Stlth    ..........             (no amulet)
HPRegen  0.24/turn              j - +4 ring of evasion
MPRegen  0.11/turn              h - ring of flight

@: corroded
A: retaliatory headbutt, horns 2
a: Berserk, Trog's Hand, Brothers in Arms, Renounce Religion, Evoke Flight


You were on level 9 of the Dungeon.
You worshipped Trog.
Trog was extremely pleased with you.
You were not hungry.

You visited 1 branch of the dungeon, and saw 9 of its levels.
You also visited: Ossuary.

You collected 659 gold pieces.

Inventory:

Hand Weapons
 N - a +1 vorpal hand axe (weapon)
Missiles
 i - 7 curare-tipped darts
 p - a poisoned dart (quivered)
Armour
 d - a +0 pair of boots (worn)
 s - a scarf of resistance (worn)
 y - a +0 chain mail of fire resistance (worn)
 M - a +0 pair of gloves (worn)
Jewellery
 h - a ring of flight (right hand)
 j - a +4 ring of evasion (left hand)
 G - an uncursed ring of positive energy {unknown}
 I - an uncursed ring of protection from magic {unknown}
 K - an uncursed ring of see invisible {unknown}
Wands
 F - a wand of enslavement (20)
 L - a wand of digging (6)
 O - a wand of acid (7)
Scrolls
 a - 2 scrolls of fear {unknown}
 e - 5 scrolls of enchant armour {unknown}
 f - 3 scrolls of blinking {unknown}
 g - a scroll of magic mapping {unknown}
 k - 3 scrolls of teleportation {unknown}
 n - 2 scrolls of amnesia {unknown}
 o - 6 scrolls of remove curse
 r - 2 scrolls of fog {unknown}
 t - a scroll of torment {unknown}
 u - a scroll of noise {unknown}
 z - 3 scrolls of random uselessness {unknown}
 A - a scroll of acquirement {unknown}
 H - 8 scrolls of identify
 R - a scroll of immolation {unknown}
Potions
 b - a potion of resistance {unknown}
 l - 4 potions of brilliance {unknown}
 m - 2 potions of mutation
 q - a potion of degeneration {unknown}
 v - 4 potions of haste {unknown}
 w - 4 potions of curing
 x - 3 potions of magic {unknown}
 B - 3 potions of ambrosia {unknown}
 C - 3 potions of might {unknown}
 D - a potion of heal wounds {unknown}
 E - a potion of stabbing {unknown}
 J - 2 potions of berserk rage
 P - a potion of flight {unknown}
Comestibles
 c - 8 rations
 Q - 9 chunks of flesh


   Skills:
 + Level 7.2 Fighting
 + Level 10.8 Axes
 + Level 7.8 Throwing
 + Level 8.7 Armour
 + Level 3.9 Dodging
 + Level 2.5 Stealth
 + Level 0.7 Evocations


You had 9 spell levels left.
You didn't know any spells.
Your spell library was empty.

Dungeon Overview and Level Annotations

Branches:
Dungeon (9/15)             Temple (0/1) D:5         Ossuary (visited)
   Lair: D:8-11         Orc: D:9-12

Altars:
Dithmenos
Nemelex Xobeh
Okawaru
Sif Muna

Shops:
D:7 *


Innate Abilities, Weirdness & Mutations

You reflexively headbutt those who attack you in melee.
You have a pair of horns on your head.


Message History

You kill the porcupine!
Trog accepts your kill.
You closely miss the porcupine.
The porcupine bites you but does no damage.
You slash the wight!
The wight is severely damaged.
You hit the porcupine. The porcupine bites you!
* * * LOW HITPOINT WARNING * * *
The wight zaps a wand.
The bolt of acid misses you.
You slash the porcupine!
You kill the porcupine!
Trog accepts your kill.
You barely miss the wight.
There is a stone staircase leading down here.
You hit the wight.
The wight is almost destroyed.
The wight zaps a wand.
The bolt of acid hits you!
* * * LOW HITPOINT WARNING * * *
The acid corrodes you!
You are splashed with acid!
You die...

###.... ....... .......
...(... .....# .....######
###############...........
.........@z.†.(((..... ...
............†.#≈≈.≈≈#. ..
#########..####g≈.≈g# #
#..####≈≈.≈≈######
######.....#..8..#.....
...........#.8_8.#.....
######.....#..8..#.....
#..###############
#####.................


You could see a wight.

Vanquished Creatures
  A cyclops (D:8)
  Joseph (D:8)
  A hornet (D:8)
  A hog (shapeshifter) (D:6)
  Grum (D:8)
  Menkaure (D:5)
  3 porcupines (D:9)
  2 ice beasts (D:6)
  4 phantoms
  3 sky beasts
  A black bear (D:9)
  2 ogres
  2 centaurs
  2 wolves (D:8)
  2 big kobolds
  4 bullfrogs
  2 scorpions
  A killer bee (D:6)
  4 wights (D:6)
  A howler monkey (D:4)
  5 crimson imps
  A bullfrog zombie (D:8)
  2 hounds
  Crazy Yiuf (D:2)
  5 orc priests
  A centaur skeleton (D:6)
  6 orc wizards
  A bullfrog skeleton (D:8)
  Terence (D:2)
  2 iguanas
  3 worker ants
  A big kobold zombie (Ossuary)
  A hound zombie (D:6)
  3 hound skeletons
  8 mummies (Ossuary)
  8 gnolls
  10 adders
  2 howler monkey skeletons
  A shadow imp (D:6)
  An ooze (D:3)
  An adder zombie (D:7)
  2 adder skeletons
  3 dart slugs
  2 leopard geckos
  33 orcs
  2 bats
  2 giant cockroaches
  3 gnoll zombies (Ossuary)
  9 goblins
  5 hobgoblins
  5 jackals
  15 kobolds
  4 quokkas
  A ball python (D:2)
  7 frilled lizards
  A jackal zombie (D:5)
  2 kobold zombies (Ossuary)
  2 orc zombies (Ossuary)
  A quokka skeleton (D:8)
  6 rats
208 creatures vanquished.

Vanquished Creatures (others)
  36 fungi (D:9)
  14 plants (D:9)
50 creatures vanquished.

Grand Total: 258 creatures vanquished

Notes
Turn   | Place    | Note
-------+----------+-------------------------------------------
     0 | D:1      | lokapoka the Minotaur Berserker began the quest for the
                  | Orb.
     0 | D:1      | Reached XP level 1. HP: 19/19 MP: 0/0
    66 | D:1      | Upgraded the game from 0.25.1-1-g288607f5aa to
                  | 0.25.1-2-g60ff931df9
   247 | D:1      | Reached skill level 4 in Axes
   247 | D:1      | Reached XP level 2. HP: 13/27 MP: 1/1
   993 | D:1      | Reached XP level 3. HP: 33/33 MP: 2/2
  1464 | D:2      | Found a runed translucent door.
  1465 | D:2      | Noticed Crazy Yiuf
  1673 | D:2      | Noticed Terence
  1725 | D:2      | Killed Terence
  1725 | D:2      | Reached XP level 4. HP: 38/41 MP: 3/3
  2028 | D:2      | Noticed a bullfrog
  2034 | D:2      | Killed a bullfrog
  2034 | D:2      | Reached skill level 5 in Axes
  2034 | D:2      | Reached skill level 1 in Throwing
  2034 | D:2      | Reached XP level 5. HP: 47/47 MP: 4/4
  2050 | D:2      | Reached ** piety under Trog
  2283 | D:3      | Found a shadowy altar of Dithmenos.
  2458 | D:2      | Killed Crazy Yiuf
  2725 | D:2      | Found a shimmering blue altar of Sif Muna.
  2919 | D:3      | Reached XP level 6. HP: 9/55 MP: 5/5
  2926 | D:3      | HP: 2/55 [orc wizard/magic dart (5)]
  3315 | D:3      | Reached skill level 5 in Fighting
  3502 | D:3      | Found a faded altar of an unknown god.
  4000 | D:4      | Reached skill level 6 in Axes
  4040 | D:4      | Reached XP level 7. HP: 47/61 MP: 6/6
  4557 | D:5      | Entered Level 5 of the Dungeon
  4639 | D:5      | Found a sand-covered staircase.
  4644 | Ossuary  | Entered an ossuary
  4654 | Ossuary  | Reached *** piety under Trog
  4667 | Ossuary  | Reached skill level 7 in Axes
  5268 | D:5      | Found a staircase to the Ecumenical Temple.
  5542 | D:5      | Noticed Menkaure
  5563 | D:5      | Killed Menkaure
  5563 | D:5      | Reached skill level 5 in Armour
  5563 | D:5      | Reached XP level 8. HP: 69/69 MP: 7/7
  5938 | D:5      | Found a sparkling altar of Nemelex Xobeh.
  6424 | D:6      | Reached skill level 8 in Axes
  6425 | D:6      | Reached skill level 1 in Stealth
  6798 | D:6      | Reached skill level 9 in Axes
  6954 | D:6      | Reached **** piety under Trog
  6993 | D:6      | Reached skill level 5 in Throwing
  7097 | D:6      | Reached XP level 9. HP: 77/77 MP: 8/8
  8348 | D:7      | Found Odatsosu's Assorted Antiques.
  8936 | D:8      | Noticed Joseph
  9208 | D:8      | Noticed Grum
  9217 | D:8      | Reached skill level 10 in Axes
  9248 | D:8      | Killed Grum
  9516 | D:8      | Reached ***** piety under Trog
  9685 | D:8      | Killed Joseph
  9939 | D:8      | Reached XP level 10. HP: 86/86 MP: 9/9
  9964 | D:8      | Noticed a cyclops
 10026 | D:8      | Killed a cyclops
 10381 | D:9      | Found a shadowy altar of Dithmenos.
 10603 | D:9      | Found an iron altar of Okawaru.
 10618 | D:9      | Splashed by a wight's acid

Illustrated notes

Levels and vault maps discovered:
D:1:      roderic_crossed_star, layout_basic
D:2:      layout_basic, lemuel_blue_sif_altar, uniq_terence,
          uniq_crazy_yiuf_cottage
D:3:      layout_loops_ring, zin_statuary,
          chequers_ecumenical_altar_simple_redux, lemuel_tele_altar
D:4:      layout_gridville, corexii_checkpoint_b, minmay_misc_feat_x
D:5:      lemuel_upstairs_altar, layout_loops_corners, marbit_many_paths,
          minmay_temple_entry_slanted, enter_ossuary_2, first_ration,
          uniq_menkaure
D:6:      wad_guarded_room, layout_basic
D:7:      layout_rooms, serial_shops, shop
D:8:      layout_basic, uniq_grum, uniq_joseph
D:9:      minmay_razor_zed, layout_long_grid, gammafunk_temple_overflow_wave,
          kennysheep_okawaru_gauntlet, lemuel_coloured_pillars_altar,
          due_lair_maze_entry_diamond, grunt_ogre_cave, uniq_pikel, uniq_erica,
          uniq_maggie

Skill      XL: |  1  2  3  4  5  6  7  8  9 |
---------------+----------------------------+-----
Axes           | 4 5 6 7 9 10 | 10.8
Fighting       | 4 5 6 7 |  7.2
Armour         | 3 4 5 6 8 |  8.7
Throwing       | 1 2 4 5 7 |  7.8
Dodging        | 3 |  3.9
Stealth        | 1 2 |  2.5
Evocations     | |  0.7

Action                   |  1- 3 |  4- 6 |  7- 9 | 10-12 || total
-------------------------+-------+-------+-------+-------++-------
Melee: Hand axe          |    66 |   108 |   367 |    49 ||   590
       Headbutt          |    10 |    18 |    86 |     7 ||   121
Throw: Dart              |     8 |    63 |   107 |    17 ||   195
Invok: Berserk           |       |     1 |       |       ||     1
       Trog's Hand       |       |       |     1 |       ||     1
 Abil: Evoke Flight      |       |       |     1 |       ||     1
  Use: Scroll            |       |       |     4 |       ||     4
  Eat: Ration            |     1 |     2 |     5 |     1 ||     9
       Chunk             |       |       |     2 |     1 ||     3
Armor: Animal skin       |     5 |       |       |       ||     5
       Chain mail        |    18 |    38 |   128 |    25 ||   209
Dodge: Dodged            |    40 |    81 |   220 |    27 ||   368
